 Dungeon Crawl Stone Soup version 0.31.0-9-g3a7656b989 (webtiles) character file.

Game seed: 771510464255650497

239 qw the Shooter (level 5, 0/28 HPs)
             Began as a Spriggan Hunter on Feb 2, 2024.
             Incinerated by a bombardier beetle (5 damage)
             ... with a burning spray
             ... on level 4 of the Dungeon.
             The game lasted 00:00:07 (2430 turns).

qw the Shooter (Spriggan Hunter)                    Turns: 2430, Time: 00:00:07

Health: 0/28       AC:  2    Str:  7    XL:     5   Next: 79%
Magic:  6/6        EV: 20    Int: 10    God:
Gold:   104        SH:  0    Dex: 21    Spells: 4/4 levels left

rFire   . . .        a - +1 shortbow
rCold   . . .        (shield currently unavailable)
rNeg    . . .        c - +0 robe
rPois   .            (helmet restricted)
rElec   .            (no cloak)
rCorr   .            (gloves unavailable)
SInv    +            (boots unavailable)
Will    .....        (no amulet)
Stlth   +            (no ring)
HPRegen 0.24/turn    (no ring)
MPRegen 0.10/turn

%: no passive effects
@: on fire, glowing, very quick
A: very small, no large weapons, unfitting armour, see invisible, speed 3
a: no special abilities


You were on level 4 of the Dungeon.
You visited 1 branch of the dungeon, and saw 4 of its levels.

You collected 128 gold pieces.
You spent 24 gold pieces at shops.


Innate Abilities, Weirdness & Mutations

You are very small and have problems with some larger weapons.
You are too small for most types of armour.
You have supernaturally acute eyesight. (SInv)
You cover ground extremely quickly. (Speed+++)


   Skills:
 - Level 3.0 Fighting
 + Level 5.4 Ranged Weapons
 - Level 5.0 Dodging
 - Level 1.5 Stealth


You had 4 spell levels left.
You didn't know any spells.
Your spell library was empty.

Inventory:

Hand Weapons
 a - a +1 shortbow (weapon)
Armour
 c - a +0 robe (worn)
Scrolls
 b - a scroll of identify
 d - 2 scrolls of blinking {unknown}
 g - a scroll of enchant armour
 h - a scroll of fear {unknown}
Potions
 f - a potion of heal wounds

Dungeon Overview and Level Annotations

Branches:
Dungeon (4/15)
 Temple: D:4-7

Altars:

Shops:
D:1 !?(   D:3 :

Annotations:
D:3 2 transporters, qw's ghost, amateur DEHu


Message History

The orc barely misses you.
You shoot an arrow. The arrow barely misses the orc.
The orc misses you.
You shoot an arrow. The arrow barely misses the orc.
The orc misses you.
You shoot an arrow. The arrow hits the orc.
The orc is almost dead.
You shoot an arrow. The arrow hits the orc.
You kill the orc!
You start resting.
Your extra speed is starting to run out.
You feel yourself slow down.
HP restored.
You now have 104 gold pieces (gained 13).
Items here: % )) [.
You open the door.
There is an open door here.
A bombardier beetle comes into view.
You shoot an arrow.
The arrow hits the bombardier beetle but does no damage.
The bombardier beetle sprays incendiary fluid at you.
The burning spray hits you.
You are covered in liquid fire!
You shoot an arrow.
The arrow barely misses the bombardier beetle.
The liquid fire burns you!
You shoot an arrow. The arrow hits the bombardier beetle.
The bombardier beetle is moderately wounded.
The liquid fire burns you!
You shoot an arrow. The arrow hits the bombardier beetle!
The bombardier beetle is severely wounded.
The liquid fire burns you!
You shoot an arrow. The arrow hits the bombardier beetle!
You kill the bombardier beetle!
The liquid fire burns you!
You are on fire!
The liquid fire burns you!
You are on fire!
The liquid fire burns you!
You die...

#.... #.#.#
#.#.# #
#.#.#
#?#...# .#
#.#...#....
#...%......
#@#######
#........
#.##..##.
##'##..#
#......#
#......#
#......#
#......#####
#..........+


There were no monsters in sight!

Vanquished Creatures
  A black bear (D:4)
  A bombardier beetle (D:4)
  Jessica (D:2)
  3 adders
  2 dart slugs
  2 ribbon worms
  3 orcs (D:4)
  5 bats
  8 endoplasms
  A giant cockroach (D:3)
  5 goblins
  6 hobgoblins
  A quokka (D:2)
  3 ball pythons
  A frilled lizard (D:3)
  2 kobolds
  2 rats
47 creatures vanquished.

Notes
Turn   | Place    | Note
-------+----------+-------------------------------------------
     0 | D:1      | qw the Spriggan Hunter began the quest for the Orb.
     0 | D:1      | Reached XP level 1. HP: 10/10 MP: 2/2
     0 | D:1      | 0 ||| qw: Version: 0.3-a-155-g5e7d8dd
     0 | D:1      | 0 ||| qw: Game counter: 1182
     0 | D:1      | 0 ||| qw: Melee chars always use a shield: true
     0 | D:1      | 0 ||| qw: God list: Okawaru
     0 | D:1      | 0 ||| qw: Allow faded altars: false
     0 | D:1      | 0 ||| qw: Do Orc after clearing Dungeon:15 true
     0 | D:1      | 0 ||| qw: Do second Lair branch before Depths: true
     0 | D:1      | 0 ||| qw: Lair rune preference: random
     0 | D:1      | 0 ||| qw: Goals: Normal
     0 | D:1      | 0 ||| PLANNING D:1-11
    73 | D:1      | Reached skill level 3 in Dodging
   206 | D:1      | Found Rewitel's Antique Weapon Emporium.
   237 | D:1      | Reached XP level 2. HP: 14/14 MP: 3/3
   398 | D:1      | Found Gomus's Magic Scroll Shop.
   410 | D:1      | 410 ||| SHOPLISTING scroll of enchant armour (90 gold, have
                  | 33).
   410 | D:1      | 410 ||| BUYING scroll of identify (24 gold).
   410 | D:1      | Bought a scroll of identify for 24 gold pieces
   410 | D:1      | 410 ||| SHOPLISTING scroll of identify (24 gold, have 9).
   410 | D:1      | 410 ||| SHOPLISTING scroll of teleportation (36 gold, have
                  | 9).
   677 | D:1      | Found Cekoleq's Distillery.
   681 | D:1      | 681 ||| SHOPLISTING 2 potions of heal wounds (110 gold,
                  | have 46).
   681 | D:1      | 681 ||| SHOPLISTING 2 potions of might (88 gold, have 46).
   681 | D:1      | 681 ||| SHOPLISTING potion of resistance (110 gold, have
                  | 46).
   704 | D:1      | 704 ||| DROPPING ring of magical power.
   705 | D:1      | 705 ||| READING 3 scrolls of identify.
   705 | D:1      | 705 ||| IDENTIFYING scroll labelled LUHE YFEANAFRU
   706 | D:1      | 706 ||| READING 2 scrolls of identify.
   706 | D:1      | 706 ||| IDENTIFYING scroll labelled GIADDO WONOM
   707 | D:1      | 707 ||| DROPPING scroll of butterflies.
   708 | D:1      | 708 ||| DROPPING scroll of revelation.
   955 | D:2      | Noticed Jessica
   960 | D:2      | Killed Jessica
   961 | D:2      | Reached XP level 3. HP: 18/18 MP: 4/4
  1598 | D:2      | 1598 ||| READING 2 scrolls of identify.
  1598 | D:2      | 1598 ||| IDENTIFYING orange potion
  1599 | D:2      | 1599 ||| READING scroll of identify.
  1599 | D:2      | 1599 ||| IDENTIFYING fuming inky potion
  1600 | D:2      | 1600 ||| READING scroll labelled ETEOTT AZAIL.
  1601 | D:2      | 1601 ||| READING scroll labelled OGAGYM BETUXTA.
  1602 | D:2      | 1602 ||| READING scroll labelled COEDUI QACW.
  1602 | D:2      | 1602 ||| ENCHANTING +0 shortbow.
  1603 | D:2      | 1603 ||| READING scroll labelled ERRIHY UMUJAE.
  1704 | D:2      | 1704 ||| READING scroll labelled ADEAPLACET.
  1752 | D:3      | Reached XP level 4. HP: 22/22 MP: 5/5
  1863 | D:3      | Found a transporter.
  1863 | D:3      | Noticed a sky beast
  1864 | D:3      | Noticed qw's ghost (amateur DEHu)
  1866 | D:3      | Found a transporter.
  1896 | D:3      | 1896 ||| READING scroll labelled TYOM NAHUFILESCH.
  1940 | D:3      | Found Himibops's Vocational Training.
  2341 | D:4      | Noticed a black bear
  2342 | D:4      | 2342 ||| DRINKING potion of haste.
  2348 | D:4      | Killed a black bear
  2349 | D:4      | Reached skill level 3 in Fighting
  2349 | D:4      | Reached XP level 5. HP: 24/28 MP: 6/6
  2429 | D:4      | HP: 5/28 [burnt (5)]
  2430 | D:4      | Incinerated by a bombardier beetle

Levels and vault maps discovered:
D:1:      minmay_arrival_solitary_statue, layout_basic, serial_shops,
          nicolae_shop_advertising_works [nicolae_subvault_shop_adworks],
          nicolae_shop_back_alley_shop, shop
D:2:      layout_loops_corners, uniq_jessica
D:3:      layout_loops_ring, gammafunk_ghost_arena, nicolae_shop_vocational
D:4:      layout_basic, minmay_temple_entry_glassed_door,
          minmay_misc_feat_enclosed

Skill      XL: |  1  2  3  4 |
---------------+-------------+-----
Dodging        | 3 4 5 |  5.0
Ranged Weapons | 5 |  5.4
Fighting       | 3 |  3.0
Stealth        | |  1.5

Action                     |  1- 3 |  4- 6 || total
---------------------------+-------+-------++-------
   Fire: Shortbow          |    66 |    65 ||   131
    Use: Scroll            |     9 |     1 ||    10
         Potion            |       |     1 ||     1
 Armour: Robe              |     2 |     9 ||    11
  Dodge: Dodged            |    12 |    23 ||    35

Table legend:
 A = Non-vault XP
 B = Vault XP
 C = Vault XP percentage of total XP
 D = Non-vault monster count
 E = Vault monster count
 F = Vault count percentage of total count
                 A         B        C        D         E       F
            +---------+---------+-------+---------+---------+-------
      Total |     305 |      37 |  10.8 |      46 |       1 |   2.1
            +---------+---------+-------+---------+---------+-------
        D:1 |      17 |       0 |   0.0 |      10 |       0 |   0.0
        D:2 |      39 |      37 |  48.7 |      14 |       1 |   6.7
        D:3 |      53 |       0 |   0.0 |      14 |       0 |   0.0
        D:4 |     196 |       0 |   0.0 |       8 |       0 |   0.0
            +---------+---------+-------+---------+---------+-------
